[Event "Steinthor Baldursson memorial 2018"]
[Site "?"]
[Date "2018.01.07"]
[Round "7"]
[White "Zarovs, Aleksandrs"]
[Black "Davidsson, Oskar Vikingur"]
[Result "0-1"]
[ECO "B47"]
[WhiteElo "1831"]
[BlackElo "1854"]
[PlyCount "138"]
[EventDate "2018.??.??"]
[EventType "swiss"]
[EventCountry "ISL"]
[SourceTitle "Kopavogur"]
[TimeControl "5400+30"]
[WhiteClock "0:28:54"]
[BlackClock "0:03:22"]

1. e4 c5 2. Nf3 e6 3. d4 cxd4 4. Nxd4 Nc6 5. Nc3 Qc7 6. Be2 a6 7. O-O Nf6 8. Be3 Be7 9. f4 d6 10. a3 b5 11. Kh1 Bb7 12. Qe1 Nxd4 13. Bxd4 e5 14. Bg1 Nxe4 15. Nxe4 Bxe4 16. Bxb5+ axb5 17. Qxe4 Rc8 18. c3 O-O 19. Rad1 Bf6 20. Rd5 Rb8 21. Qd3 Qc4 22. Rxd6 exf4 23. Rd1 h6 24. Qd5 Qe2 25. Qd2 Qc4 26. Rd3 Qb3 27. Bd4 Bg5 28. Qf2 Rbd8 29. h4 Bf6 30. Bxf6 Qxd1+ 31. Rxd1 Rxd1+ 32. Kh2 gxf6 33. Qxf4 Rfd8 34. Qb4 R8d5 35. a4 bxa4 36. Qxa4 R5d2 37. b4 Rc1 38. Qa8+ Kg7 39. Qc8 Rdc2 40. Qg4+ Kf8 41. b5 Rxc3 42. Qb4+ Kg7 43. b6 Rc4 44. Qb2 R1c2 45. Qb3 R4c3 46. Qb5 Rc5 47. Qb4 R5c4 48. Qb1 Rc1 49. Qb5 Rc5 50. Qd3 R1c3 51. Qd4 R5c4 52. Qd6 Rb3 53. Qd8 Rcb4 54. g3 Rxb6 55. Qd7 R6b4 56. Qd6 Rc4 57. Qd1 Re3 58. Qh5 Rc2+ 59. Kh3 Rcc3 60. Qg4+ Kh8 61. Qf5 Rxg3+ 62. Kh2 Rh3+ 63. Kg2 Rcg3+ 64. Kf2 Rf3+ 65. Qxf3 Rxf3+ 66. Kxf3 Kg7 67. Kf4 Kg6 68. Kg4 f5+ 69. Kf4 Kf6 0-1

[Event "Steinthor Baldursson memorial 2018"]
[Site "?"]
[Date "2018.01.07"]
[Round "7"]
[White "Johannsson, Birkir Isak"]
[Black "Birkisson, Bjorn Holm"]
[Result "1/2-1/2"]
[ECO "A40"]
[WhiteElo "1760"]
[BlackElo "2084"]
[PlyCount "122"]
[EventDate "2018.??.??"]
[EventType "swiss"]
[EventCountry "ISL"]
[SourceTitle "Kopavogur"]
[TimeControl "5400+30"]
[WhiteClock "0:04:37"]
[BlackClock "0:06:27"]

1. d4 g6 2. c4 Bg7 3. e4 e5 4. d5 d6 5. Nc3 Ne7 6. Bd3 O-O 7. Nge2 f5 8. exf5 gxf5 9. f4 e4 10. Bc2 c5 11. dxc6 bxc6 12. Be3 Be6 13. Bb3 c5 14. O-O a6 15. Qd2 Qc7 16. Rfd1 Rd8 17. a3 Nbc6 18. Ba2 Rab8 19. Rab1 Kh8 20. h3 Na5 21. Nd5 Bxd5 22. cxd5 Nb3 23. Bxb3 Rxb3 24. Nc1 Rdb8 25. Nxb3 Rxb3 26. Qf2 Qb7 27. Qd2 Qb6 28. Bf2 Rd3 29. Qc2 Rb3 30. Qd2 h6 31. Kh1 Rxb2 32. Rxb2 Qxb2 33. Qxb2 Bxb2 34. a4 c4 35. Bd4+ Bxd4 36. Rxd4 c3 37. Rc4 Nxd5 38. a5 Nxf4 39. Rxc3 d5 40. Rc8+ Kg7 41. Rd8 e3 42. Kg1 d4 43. Kf1 d3 44. g3 e2+ 45. Kf2 Ng2 46. Re8 e1=Q+ 47. Rxe1 Nxe1 48. Kxe1 f4 49. gxf4 Kf6 50. Kd2 Kf5 51. Kxd3 Kxf4 52. Kc4 Kg3 53. Kc5 Kxh3 54. Kb6 Kg2 55. Kxa6 h5 56. Kb7 h4 57. a6 h3 58. a7 h2 59. a8=Q h1=Q 60. Kb8+ Kg1 61. Qxh1+ Kxh1 1/2-1/2

[Event "Steinthor Baldursson memorial 2018"]
[Site "?"]
[Date "2018.01.07"]
[Round "7"]
[White "Apol, Luitjen Akselsson"]
[Black "Briem, Stephan"]
[Result "0-1"]
[ECO "B94"]
[WhiteElo "1600"]
[BlackElo "1890"]
[PlyCount "110"]
[EventDate "2018.??.??"]
[EventType "swiss"]
[EventCountry "ISL"]
[SourceTitle "Kopavogur"]
[TimeControl "5400+30"]
[WhiteClock "0:02:04"]
[BlackClock "0:02:02"]

1. e4 c5 2. Nf3 d6 3. d4 cxd4 4. Nxd4 Nf6 5. Nc3 a6 6. Bg5 Nbd7 7. f4 Qc7 8. Qf3 h6 9. Bh4 g5 10. fxg5 hxg5 11. Bxg5 Qc5 12. Be3 Ne5 13. Qe2 Neg4 14. Nf5 Nxe3 15. Qxe3 Qb4 16. Rb1 Bxf5 17. exf5 Bh6 18. Qd3 Rc8 19. a3 Qb6 20. Be2 Bf4 21. g3 Be5 22. Nd1 Qc6 23. Bf3 d5 24. c3 Ne4 25. Ne3 Rd8 26. Rd1 Qb6 27. Bxe4 dxe4 28. Qxd8+ Qxd8 29. Rxd8+ Kxd8 30. Kf2 e6 31. fxe6 fxe6 32. Nc4 Bc7 33. Nd2 e3+ 34. Kxe3 Bxg3 35. Nf1 Bh4 36. Ke4 Rf8 37. Ne3 Rf2 38. b3 Rb2 39. b4 Rb3 40. c4 Rxa3 41. Rd1+ Ke7 42. Rd3 Ra2 43. Rb3 Rxh2 44. b5 a5 45. Ra3 Be1 46. Ng4 Rc2 47. Ne3 Rc1 48. Ra2 Bb4 49. Ra4 Re1 50. Ra2 Bc5 51. Rxa5 Rxe3+ 52. Kf4 Rd3 53. Ra4 Rd4+ 54. Kf3 Kd6 55. Ke2 Bb6 0-1

[Event "Steinthor Baldursson memorial 2018"]
[Site "?"]
[Date "2018.01.07"]
[Round "7"]
[White "Briem, Benedikt"]
[Black "Heidarsson, Arnar"]
[Result "1-0"]
[ECO "A46"]
[WhiteElo "1464"]
[BlackElo "1592"]
[PlyCount "83"]
[EventDate "2018.??.??"]
[EventType "swiss"]
[EventCountry "ISL"]
[SourceTitle "Kopavogur"]
[TimeControl "5400+30"]
[WhiteClock "0:54:13"]
[BlackClock "0:29:13"]

1. d4 Nf6 2. Nf3 e6 3. Bf4 d5 4. e3 Bd6 5. Bg3 O-O 6. Bd3 b6 7. Nbd2 Bb7 8. c3 Ne4 9. Qc2 f5 10. Ne5 Nd7 11. Nxd7 Qxd7 12. f4 c5 13. Nf3 c4 14. Bxe4 fxe4 15. Ne5 Bxe5 16. fxe5 b5 17. Bf4 a5 18. O-O Qe7 19. Qe2 b4 20. Qc2 Bc6 21. a3 bxa3 22. Rxa3 a4 23. Qe2 Rfb8 24. Rfa1 Rb6 25. Kf1 Rab8 26. R3a2 Qb7 27. Rb1 Rb3 28. Qg4 Bd7 29. Bh6 Be8 30. Qxe6+ Qf7+ 31. Qxf7+ Kxf7 32. Bf4 Ke6 33. Ke2 a3 34. Kd2 Ba4 35. Kc1 axb2+ 36. Rbxb2 Rxc3+ 37. Kb1 Bb3 38. Ra6+ Ke7 39. e6 Rd3 40. Rd2 Ba4+ 41. Bxb8 Rxd2 42. Bd6+ 1-0